 Dungeon Crawl Stone Soup version 0.23.2-33-g5129a83184 (webtiles) character file.

Game seed: 12102265735170886175

64 FishyPogo the Gusty (level 4, -2/36 HPs)
             Began as a Naga Air Elementalist on Aug 5, 2019.
             Slain by a gnoll
             ... wielding a +0 halberd
              (14 damage)
             ... on level 2 of the Dungeon.
             The game lasted 00:12:51 (1086 turns).

FishyPogo the Gusty (Naga Air Elementalist)         Turns: 1086, Time: 00:12:52

Health: -2/36      AC:  3    Str: 10    XL:     4   Next: 12%
Magic:  0/7        EV: 11    Int: 16    God:
Gold:   106        SH:  0    Dex: 12    Spells: 5/8 levels left

rFire    . . .     SeeInvis +   a - +1 short sword (elec)
rCold    . . .     Gourm    .   (no shield)
rNeg     . . .     Faith    .   e - +0 robe
rPois    +         Spirit   .   (no helmet)
rElec    .         Reflect  .   (no cloak)
rCorr    .         Harm     .   d - +0 pair of gloves
MR       .....                  (no barding)
Stlth    +++.......             (no amulet)
HPRegen  0.12/turn              f - ring of stealth
MPRegen  0.10/turn              l - +1 ring of evasion

@: very slow
A: large, see invisible, deformed body, poison resistance, slowness 2, slow
metabolism 1, spit poison 1, AC +1
a: Spit Poison


You were on level 2 of the Dungeon.
You were not hungry.

You visited 1 branch of the dungeon, and saw 2 of its levels.

You collected 106 gold pieces.

Inventory:

Hand Weapons
 a - a +1 short sword of electrocution (weapon)
 b - a +2 dagger of protection
Armour
 d - a +0 pair of gloves (worn)
 e - a +0 robe (worn)
Jewellery
 f - a ring of stealth (left hand)
 l - a +1 ring of evasion (right hand)
 o - an uncursed ring of ice
Scrolls
 g - a scroll of random uselessness {unknown}
 j - a scroll of magic mapping {unknown}
 k - a scroll of blinking {unknown}
 m - 2 scrolls of remove curse {unknown}
Potions
 h - a potion of curing {unknown}
 i - a potion of ambrosia {unknown}
 n - a potion of resistance {unknown}
 p - a potion of invisibility {unknown}
 r - a potion of agility {unknown}
Comestibles
 c - 4 rations
 q - 14 chunks of flesh


   Skills:
 - Level 2.0 Dodging
 + Level 3.4 Stealth
 + Level 2.5 Spellcasting
 * Level 2.2 Conjurations
 * Level 3.5 Air Magic


You had 5 spell levels left.
You knew the following spells:

 Your Spells              Type           Power        Failure   Level  Hunger
a - Shock                 Conj/Air       ##..         6%          1    #......
b - Swiftness             Chrm/Air       #.......     14%         2    ##.....

Your spell library contained the following spells:

 Spells                   Type           Power        Failure   Level  Hunger
 Static Discharge         Conj/Air       ##......     19%         3    ###....
 Airstrike                Air            ##........   43%         4    #####..
 Lightning Bolt           Conj/Air       ##........   86%         5    ######.


Dungeon Overview and Level Annotations

Branches:
Dungeon (2/15)

Altars:

Annotations:
D:2 exclusions: ogre and 1 more exclusion


Innate Abilities, Weirdness & Mutations

You cannot wear boots.
Your serpentine skin is tough. (AC +1)
You have supernaturally acute eyesight. (SInv)
Armour fits poorly on your strangely shaped body.
Your system is resistant to poisons. (rPois)
You cover ground very slowly.
You have a slow metabolism.
You can spit poison.


Message History

Confirm with . or Enter, or press ? or * to list all spells.
Aiming: Shock (safe; 6% risk of failure)
Press: ? - help, Shift-Dir - straight line The zap hits the goblin.
You kill the goblin!
The zap hits the gnoll.
The gnoll is moderately wounded.
The zap hits the gnoll.
The gnoll is moderately wounded.
The zap hits the gnoll.
The gnoll is moderately wounded.
The gnoll hits you from afar with a +0 spear.
The gnoll hits you but does no damage. The gnoll hits you with a +0 spear.
The gnoll hits you from afar with a +0 halberd.
You hit the gnoll.
The gnoll is moderately wounded.
The gnoll hits you with a +0 spear.
The gnoll hits you from afar with a +0 halberd!
You die...

### ################ ##.#
..)(...........O ..#
###################.#######
................@ggg.......
.###.####.......####.#####.
...............รท# )#
####.###........# g# .....#
#........# .#
.#######........# g#
...[...#[.......####.g..
..##..<.....#####....gg.
...............##...r...


You could see 2 gnolls and a goblin.

Vanquished Creatures
  A gnoll (D:2)
  An adder (D:2)
  A worm (D:2)
  A dart slug (D:1)
  A leopard gecko (D:2)
  2 ball pythons
  8 bats
  2 giant cockroaches (D:1)
  6 goblins
  A hobgoblin (D:2)
  4 jackals (D:1)
  A quokka (D:2)
  3 frilled lizards
  6 rats
38 creatures vanquished.

Notes
Turn   | Place    | Note
-------+----------+-------------------------------------------
     0 | D:1      | FishyPogo the Naga Air Elementalist began the quest for the
                  | Orb.
     0 | D:1      | Reached XP level 1. HP: 15/15 MP: 3/3
   109 | D:1      | Reached XP level 2. HP: 18/22 MP: 0/5
   325 | D:1      | Learned a level 2 spell: Swiftness
   407 | D:1      | Reached XP level 3. HP: 28/28 MP: 4/6
   816 | D:2      | Noticed an ogre
  1076 | D:2      | Reached XP level 4. HP: 29/36 MP: 1/7
  1086 | D:2      | Slain by a gnoll

Skill      XL: |  1  2  3 |
---------------+----------+-----
Dodging        | 2 |  2.0
Conjurations   | 2 |  2.2
Stealth        | |  3.4
Spellcasting   | |  2.5
Air Magic      | |  3.5

Action                   |  1- 3 |  4- 6 || total
-------------------------+-------+-------++-------
Melee: Short sword       |    43 |     3 ||    46
 Cast: Shock             |    35 |     3 ||    38
       Swiftness         |     1 |       ||     1
 Stab: Sleeping          |     8 |       ||     8
  Eat: Chunk             |     1 |       ||     1
Armor: Robe              |    10 |     1 ||    11
Dodge: Dodged            |    26 |     1 ||    27
